 Dungeon Crawl Stone Soup version 0.30-a0-782-ge64f9170bb (webtiles) character file.

Game seed: 1657760424353316335

90 Azzok the Trooper (level 4, -2/29 HPs)
             Began as a Gargoyle Fighter on Feb 18, 2023.
             Slain by a gnoll
             ... wielding a +0 halberd
              (11 damage)
             ... on level 3 of the Dungeon.
             The game lasted 00:02:15 (1030 turns).

Azzok the Trooper (Gargoyle Fighter)                Turns: 1030, Time: 00:02:16

Health: -2/29      AC: 11    Str: 21    XL:     4   Next: 56%
Magic:  4/4        EV:  9    Int:  9    God:
Gold:   184        SH:  4    Dex:  9    Spells: 3/3 levels left

rFire   . . .      SeeInvis .    a - +0 flail
rCold   . . .      Faith    .    c - +0 buckler
rNeg    + . .      Spirit   .    b - +0 scale mail
rPois   ∞          Reflect  .    (no helmet)
rElec   +          Harm     .    (no cloak)
rCorr   .          Rampage  .    (no gloves)
Will    .....                    p - +0 pair of boots Stlth
                                 (no amulet)
HPRegen 0.24/turn                (no ring)
MPRegen 0.09/turn                (no ring)

@: no status effects
A: sickness immunity, AC +3, negative energy resistance 1, electricity
resistance, torment resistance 1, petrification resistance
a: no special abilities


You were on level 3 of the Dungeon.
You visited 1 branch of the dungeon, and saw 3 of its levels.

You collected 184 gold pieces.

Inventory:

Hand Weapons
 a - a +0 flail (weapon)
Armour
 b - a +0 scale mail (worn)
 c - a +0 buckler (worn)
 p - a +0 pair of boots (worn)
Scrolls
 e - a scroll of vulnerability {unknown}
 f - a scroll of amnesia {unknown}
 h - a scroll of identify {unknown}
 n - a scroll of teleportation {unknown}
Potions
 d - 3 potions of might
 g - a potion of berserk rage {unknown}
 i - a potion of flight {unknown}
 j - a potion of curing {unknown}
 k - a potion of attraction {unknown}
 l - a potion of invisibility {unknown}
 m - a potion of haste {unknown}
 o - a potion of heal wounds {unknown}


   Skills:
 + Level 4.2 Fighting
 * Level 4.0 Maces & Flails
 - Level 3.2 Armour
 - Level 3.2 Shields


You had 3 spell levels left.
You didn't know any spells.
Your spell library contained the following spells:

 Spells                   Type           Power      Damage    Failure   Level
 Sting                    Tmut/Pois      0%         1d3       82%         1
 Poisonous Vapours        Pois/Air       0%         N/A       91%         2
 Olgreb's Toxic Radiance  Pois           0%         N/A       100%        4


Dungeon Overview and Level Annotations

Branches:
Dungeon (3/15)

Altars:


Innate Abilities, Weirdness & Mutations

You are immune to sickness and miasma.
Your stone body is resilient. (AC +3)
You are immune to poison.
You resist negative energy. (rN+)
You are resistant to electric shocks. (rElec)
You are resistant to unholy torment.
You are immune to petrification.


Message History

The orc barely misses you.
You closely miss the orc. The orc hits you with a +0 flail.
You hit the orc.
The orc is almost dead.
The orc barely misses you.
You hit the orc.
You kill the orc!
The gnoll barely misses you.
You closely miss the gnoll.
The gnoll hits you from afar with a +0 halberd.
The gnoll hits you but does no damage.
You hit the gnoll.
The gnoll is lightly wounded.
The gnoll hits you from afar with a +0 halberd!
The gnoll hits you with a +0 whip.
You are too injured to fight recklessly!
You are too injured to fight recklessly!
You are too injured to fight recklessly!
You are too injured to fight recklessly!
You are too injured to fight recklessly!
You are too injured to fight recklessly!
You are too injured to fight recklessly!
You are too injured to fight recklessly!
You are too injured to fight recklessly!
You are too injured to fight recklessly!
You are too injured to fight recklessly!
You are too injured to fight recklessly!
You are too injured to fight recklessly!
You are too injured to fight recklessly!
You are too injured to fight recklessly!
You are too injured to fight recklessly!
You closely miss the gnoll.
The gnoll is lightly wounded.
The gnoll hits you from afar with a +0 halberd.
* * * LOW HITPOINT WARNING * * *
The gnoll hits you but does no damage.
You closely miss the gnoll.
The gnoll is lightly wounded.
The gnoll hits you from afar with a +0 halberd!
You die...

▒▒▒ ▒·▒ ▒·▒▒ ▒··▒▒
▒···▒▒▒ ▒·▒···▒
▒@▒▒▒·▒ ▒▒▒▒▒▒▒
▒g▒ ▒·▒▒▒▒·····▒
▒▒g▒▒▒··▒▒······▒
▒·g▒············▒
▒▒····▒▒·▒▒▒·····▒
▒···▒▒▒▒··▒···▒▒▒▒
▒▒·†·▒ ▒▒···▒▒▒
▒··▒▒▒ ▒···▒▒ ▒··▒
▒·▒)▒▒▒▒▒


You could see 3 gnolls.

Vanquished Creatures
  2 adders (D:2)
  A worm (D:2)
  2 dart slugs
  3 orcs (D:3)
  2 ball pythons (D:1)
  3 endoplasms
  2 giant cockroaches (D:1)
  11 goblins
  5 hobgoblins
  7 jackals (D:2)
  5 kobolds
  3 quokkas
  4 bats
  2 frilled lizards (D:1)
  2 rats (D:1)
54 creatures vanquished.

Notes
Turn   | Place    | Note
-------+----------+-------------------------------------------
     0 | D:1      | Azzok the Gargoyle Fighter began the quest for the Orb.
     0 | D:1      | Reached XP level 1. HP: 14/14 MP: 1/1
    65 | D:1      | Reached XP level 2. HP: 19/19 MP: 2/2
   145 | D:1      | Found a faded altar of an unknown god.
   293 | D:1      | Reached XP level 3. HP: 24/24 MP: 3/3
   694 | D:2      | Reached XP level 4. HP: 29/29 MP: 4/4
  1030 | D:3      | Slain by a gnoll

Illustrated notes

Levels and vault maps discovered:
D:1:      wander_arrival_chamber, layout_rooms,
          chequers_ecumenical_altar_simple_redux
D:2:      layout_rooms
D:3:      layout_rooms, grunt_temple_overflow_forces_of_nature, xom_butterflies,
          dk_noncrumbling_4, chequers_serial_rivers_room_a, grunt_ministairs_11

Skill      XL: |  1  2  3  4 |
---------------+-------------+-----
Maces & Flails | 3 4 |  4.0
Fighting       | 4 |  4.2
Armour         | |  3.2
Shields        | |  3.2

Action                     |  1- 3 |  4- 6 || total
---------------------------+-------+-------++-------
  Melee: Flail             |   111 |    49 ||   160
 Armour: Scale mail        |    67 |    31 ||    98
  Dodge: Dodged            |    53 |    22 ||    75
  Block: Buckler           |    27 |     6 ||    33

Table legend: (Time is in decaauts)
 A = Elapsed time spent in this place.
 B = Non-inter-level travel time spent in this place.
 C = Inter-level travel time spent in this place.
 D = Time resting spent in this place.
 E = Time spent auto-exploring this place.
 F = Levels seen in this place.
 G = Mean time per level.
                   A        B        C        D        E       F      G
               +--------+--------+--------+--------+--------+-----+--------+
         Total |   1074 |   1053 |     21 |      0 |    631 |   3 |  358.0 |
       Dungeon |   1074 |   1053 |     21 |      0 |    631 |   3 |  358.0 |
               +--------+--------+--------+--------+--------+-----+--------+

Top non-repeatable levels by time:
     D:2: 512 daAuts
     D:1: 476 daAuts
     D:3: 85 daAuts
